TOP OF THE 1ST |
Marquette Miners batting - Pitching for Springfield Shooters : RHP Jim Unknown
|
Pitching: RHP Jim Unknown
|
|
Batting: LHB Aquiles Marmelo
|
0-0: Called Strike 0-1: Ball 1-1: DOUBLE (Line Drive, 89M)
|
Batting: SHB Ken Osborne
|
0-0: Called Strike 0-1: Called Strike 0-2: Ball 1-2: Ball 2-2: Ball 3-2: SINGLE (Groundball, 6MD) Aquiles Marmelo to third Runner from 3rd tries for Home, SAFE, no throw or cutoff
|
Batting: RHB Ed Adams
|
0-0: Ball 1-0: Swinging Strike 1-1: Foul Ball, location: 2F 1-2: Strikes out swinging
|
Batting: RHB Preston Hernández
|
0-0: Foul Ball, location: 2F 0-1: Ball Ken Osborne steals 2nd base 1-1: Ball 2-1: Fly out, F9 (Flyball, 9M)
|
Batting: RHB Ron Johnston
|
0-0: Ball 1-0: Called Strike 1-1: Swinging Strike 1-2: Ball 2-2: Strikes out swinging
|
Top of the 1st over - 1 run(s), 2 hit(s), 0 error(s), 1 left on base; Marquette 1 - Springfield 0 |
BOTTOM OF THE 1ST |
Springfield Shooters batting - Pitching for Marquette Miners : RHP Jorge Carrión
|
Pitching: RHP Jorge Carrión
|
|
Batting: RHB Frank Crocker
|
0-0: Ball 1-0: Swinging Strike 1-1: Foul Ball, location: 2F 1-2: Ball 2-2: Ground out 5-3 (Groundball, 56S)
|
Batting: LHB Chris Etheridge
|
0-0: Ball 1-0: Called Strike 1-1: Called Strike 1-2: Ground out 4-3 (Groundball, 34)
|
Batting: RHB Roy Herring
|
Error on foul ball, E3 0-1: Ball 1-1: Hit by Pitch
|
Batting: SHB Jared Jefferson
|
0-0: Called Strike 0-1: Ball 1-1: Foul Ball, location: 2F 1-2: Ball 2-2: Foul Ball, location: 2F 2-2: Ball 3-2: Base on Balls Roy Herring to second
|
Batting: RHB Tripp Donahue
|
0-0: Ball 1-0: Ball 2-0: Ball 3-0: Base on Balls Roy Herring to third Jared Jefferson to second
|
Batting: SHB Eddie Ménard
|
0-0: Foul Ball, location: 2F 0-1: Ground out 1-3 (Groundball, 23)
|
Bottom of the 1st over - 0 run(s), 0 hit(s), 1 error(s), 3 left on base; Marquette 1 - Springfield 0 |
TOP OF THE 2ND |
Marquette Miners batting - Pitching for Springfield Shooters : RHP Jim Unknown
|
Batting: RHB Ken Little
|
0-0: Foul Ball, location: 2F 0-1: Called Strike 0-2: Ball 1-2: Fly out, F7 (Flyball, 7D)
|
Batting: RHB Félix De La Hoya
|
0-0: Ball 1-0: Ground out 6-3 (Groundball, 6)
|
Batting: RHB Isaac Downey
|
0-0: Called Strike 0-1: Called Strike 0-2: Foul Ball, location: 2F 0-2: Ground out 5-3 (Groundball, 5)
|
Top of the 2nd over - 0 run(s), 0 hit(s), 0 error(s), 0 left on base; Marquette 1 - Springfield 0 |
BOTTOM OF THE 2ND |
Springfield Shooters batting - Pitching for Marquette Miners : RHP Jorge Carrión
|
Batting: SHB Eugene Bentley
|
0-0: Ball 1-0: Called Strike 1-1: Ball 2-1: Swinging Strike 2-2: Strikes out swinging
|
Batting: RHB Luis Mendoza
|
0-0: Ball 1-0: Swinging Strike 1-1: Foul Ball, location: 2F 1-2: Strikes out swinging
|
Batting: RHB Javier De Jesús
|
0-0: Ground out 5-3 (Groundball, 56S)
|
Bottom of the 2nd over - 0 run(s), 0 hit(s), 0 error(s), 0 left on base; Marquette 1 - Springfield 0 |
TOP OF THE 3RD |
Marquette Miners batting - Pitching for Springfield Shooters : RHP Jim Unknown
|
Batting: RHB Jim Unknown
|
0-0: Swinging Strike 0-1: Foul Ball, location: 2F 0-2: SOLO HOME RUN (Flyball, 7D), Distance : 379 ft
|
Batting: LHB Aquiles Marmelo
|
0-0: Called Strike 0-1: Swinging Strike 0-2: Ball 1-2: Ball 2-2: Strikes out looking
|
Batting: SHB Ken Osborne
|
0-0: Ball 1-0: Ball 2-0: Called Strike 2-1: Ground out 5-3 (Groundball, 56S)
|
Batting: RHB Ed Adams
|
0-0: Foul Ball, location: 2F 0-1: Called Strike 0-2: Ball 1-2: Ball 2-2: Ground out 5-3 (Groundball, 56)
|
Top of the 3rd over - 1 run(s), 1 hit(s), 0 error(s), 0 left on base; Marquette 2 - Springfield 0 |
BOTTOM OF THE 3RD |
Springfield Shooters batting - Pitching for Marquette Miners : RHP Jorge Carrión
|
Batting: RHB Frank Crocker
|
0-0: Called Strike 0-1: Ball 1-1: Ball 2-1: Ground out 6-3 (Groundball, 6)
|
Batting: LHB Chris Etheridge
|
0-0: Ball 1-0: Ball 2-0: Foul Ball, location: 2F 2-1: Ball 3-1: Called Strike 3-2: SINGLE (Line Drive, 56D)
|
Batting: RHB Roy Herring
|
0-0: Ball Throwing error on steal attempt, E2 Chris Etheridge to third 1-0: Called Strike 1-1: Foul Ball, location: 2F 1-2: Ball 2-2: Foul Ball, location: 2F 2-2: Ground out 4-3 (Groundball, 4) Chris Etheridge scores
|
Batting: SHB Jared Jefferson
|
0-0: Ball 1-0: Swinging Strike 1-1: SINGLE (Groundball, 4D)
|
Batting: RHB Tripp Donahue
|
0-0: Swinging Strike 0-1: Called Strike 0-2: Strikes out looking
|
Bottom of the 3rd over - 1 run(s), 2 hit(s), 1 error(s), 1 left on base; Marquette 2 - Springfield 1 |
TOP OF THE 4TH |
Marquette Miners batting - Pitching for Springfield Shooters : RHP Jim Unknown
|
Batting: RHB Preston Hernández
|
0-0: Called Strike 0-1: Ball 1-1: Called Strike 1-2: Foul Ball, location: 2F 1-2: SOLO HOME RUN (Flyball, 78XD), Distance : 399 ft
|
Batting: RHB Ron Johnston
|
0-0: Fly out, F6 (Line Drive, 6)
|
Batting: RHB Ken Little
|
0-0: Ball 1-0: Swinging Strike 1-1: Ball 2-1: Ball 3-1: Foul Ball, location: 2F 3-2: Base on Balls
|
Batting: RHB Félix De La Hoya
|
0-0: Ball 1-0: Called Strike 1-1: Foul Ball, location: 2F 1-2: Ball 2-2: Ball 3-2: Base on Balls Ken Little to second
|
Batting: RHB Isaac Downey
|
0-0: Ball 1-0: Swinging Strike 1-1: Ball 2-1: SINGLE (Groundball, 34) Ken Little to third Félix De La Hoya to second Runner from 3rd tries for Home, SAFE, no throw or cutoff
|
Batting: RHB Jim Unknown
|
0-0: Foul Ball, location: 2F 0-1: Foul Ball, location: 2F 0-2: Ball 1-2: SINGLE (Line Drive, 7S) Félix De La Hoya to third Isaac Downey to second Runner from 3rd tries for Home, SAFE, no throw or cutoff
|
Batting: LHB Aquiles Marmelo
|
0-0: Ball 1-0: Swinging Strike 1-1: Ball Wild Pitch! Isaac Downey to third Jim Unknown to second 2-1: Fly out, F8 (Flyball, 8LM) Runner from 3rd tags up, SCORES, throw made
|
Batting: SHB Ken Osborne
|
0-0: Ball 1-0: Ball 2-0: Ball 3-0: Base on Balls
|
Batting: RHB Ed Adams
|
0-0: Ball 1-0: Swinging Strike 1-1: Ball 2-1: Foul Ball, location: 2F 2-2: Fielders Choice at 2nd, U4 (Groundball, 4M)
|
Top of the 4th over - 4 run(s), 3 hit(s), 0 error(s), 2 left on base; Marquette 6 - Springfield 1 |
BOTTOM OF THE 4TH |
Springfield Shooters batting - Pitching for Marquette Miners : RHP Jorge Carrión
|
Batting: SHB Eddie Ménard
|
0-0: Called Strike 0-1: Ground out 6-3 (Groundball, 6M)
|
Batting: SHB Eugene Bentley
|
0-0: Ground out 6-3 (Groundball, 6M)
|
Batting: RHB Luis Mendoza
|
0-0: Called Strike 0-1: Fly out, F6 (Line Drive, 6M)
|
Bottom of the 4th over - 0 run(s), 0 hit(s), 0 error(s), 0 left on base; Marquette 6 - Springfield 1 |
TOP OF THE 5TH |
Marquette Miners batting - Pitching for Springfield Shooters : RHP Jim Unknown
|
Batting: RHB Preston Hernández
|
0-0: Ball 1-0: Ground out 6-3 (Groundball, 6)
|
Batting: RHB Ron Johnston
|
0-0: Ball 1-0: Foul Ball, location: 2F 1-1: Foul Ball, location: 2F 1-2: Ball 2-2: Foul Ball, location: 2F 2-2: Foul Ball, location: 2F 2-2: Foul Ball, location: 2F 2-2: Ball 3-2: Base on Balls
|
Batting: RHB Ken Little
|
0-0: Called Strike 0-1: Called Strike 0-2: Foul Ball, location: 2F 0-2: Ball 1-2: Foul Ball, location: 2F 1-2: Grounds into double play, 1-4-3 (Groundball, 15)
|
Top of the 5th over - 0 run(s), 0 hit(s), 0 error(s), 0 left on base; Marquette 6 - Springfield 1 |
BOTTOM OF THE 5TH |
Springfield Shooters batting - Pitching for Marquette Miners : RHP Jorge Carrión
|
Batting: RHB Javier De Jesús
|
0-0: Called Strike 0-1: Swinging Strike 0-2: Foul Ball, location: 2F 0-2: Strikes out swinging
|
Batting: RHB Frank Crocker
|
0-0: Ball 1-0: DOUBLE (Flyball, 9LD)
|
Batting: LHB Chris Etheridge
|
0-0: Ground out 1-3 (Groundball, 13S) Frank Crocker to third
|
Batting: RHB Roy Herring
|
0-0: Ball 1-0: Ball 2-0: Fly out, F8 (Flyball, 8RM)
|
Bottom of the 5th over - 0 run(s), 1 hit(s), 0 error(s), 1 left on base; Marquette 6 - Springfield 1 |
TOP OF THE 6TH |
Marquette Miners batting - Pitching for Springfield Shooters : RHP Jim Unknown
|
Pitching: RHP Jim Unknown
|
|
Batting: RHB Félix De La Hoya
|
0-0: Ball 1-0: Fly out, F8 (Flyball, 8LM)
|
Batting: RHB Isaac Downey
|
0-0: Called Strike 0-1: Ball 1-1: Ball 2-1: Fly out, F8 (Flyball, 8RM)
|
Batting: RHB Jim Unknown
|
0-0: Called Strike 0-1: Ball 1-1: Swinging Strike 1-2: Foul Ball, location: 2F 1-2: Ball 2-2: Strikes out swinging
|
Top of the 6th over - 0 run(s), 0 hit(s), 0 error(s), 0 left on base; Marquette 6 - Springfield 1 |
BOTTOM OF THE 6TH |
Springfield Shooters batting - Pitching for Marquette Miners : RHP Jorge Carrión
|
Batting: SHB Jared Jefferson
|
0-0: Called Strike 0-1: Called Strike 0-2: Ball 1-2: Ball 2-2: SINGLE (Line Drive, 78S)
|
Batting: RHB Tripp Donahue
|
0-0: Ball 1-0: Ball 2-0: Ball 3-0: Called Strike 3-1: Base on Balls Jared Jefferson to second
|
Batting: SHB Eddie Ménard
|
0-0: Ball 1-0: 3-RUN HOME RUN (Flyball, 9D), Distance : 355 ft
|
Batting: SHB Eugene Bentley
|
0-0: Ball 1-0: Called Strike 1-1: Foul Ball, location: 2F 1-2: Ground out 3-1 (Groundball, 34S)
|
Batting: RHB Luis Mendoza
|
0-0: SOLO HOME RUN (Line Drive, 78XD), Distance : 394 ft
|
Batting: RHB Javier De Jesús
|
0-0: Ball 1-0: SINGLE (Line Drive, 89S)
|
Batting: RHB Frank Crocker
|
0-0: Ball 1-0: Fielders Choice at 2nd, 1-6 (Groundball, 13)
|
Batting: LHB Chris Etheridge
|
0-0: Ball 1-0: Ground out U3 (Groundball, 3S)
|
Bottom of the 6th over - 4 run(s), 4 hit(s), 0 error(s), 1 left on base; Marquette 6 - Springfield 5 |
TOP OF THE 7TH |
Marquette Miners batting - Pitching for Springfield Shooters : RHP Jim Unknown
|
Batting: LHB Aquiles Marmelo
|
0-0: Foul Ball, location: 2F 0-1: Ground out 4-3 (Groundball, 4)
|
Batting: SHB Ken Osborne
|
0-0: Foul Ball, location: 2F 0-1: Ball 1-1: Foul Ball, location: 2F 1-2: Foul Ball, location: 2F 1-2: Ball 2-2: Strikes out looking
|
Batting: RHB Ed Adams
|
0-0: Called Strike 0-1: Ball 1-1: Foul Ball, location: 2F 1-2: Ball 2-2: Strikes out swinging
|
Top of the 7th over - 0 run(s), 0 hit(s), 0 error(s), 0 left on base; Marquette 6 - Springfield 5 |
BOTTOM OF THE 7TH |
Springfield Shooters batting - Pitching for Marquette Miners : RHP Jorge Carrión
|
Batting: RHB Roy Herring
|
0-0: Fly out, F7 (Line Drive, 7D)
|
Batting: SHB Jared Jefferson
|
0-0: Called Strike 0-1: Ball 1-1: Ground out 1-3 (Groundball, 13S)
|
Batting: RHB Tripp Donahue
|
0-0: Ball 1-0: Foul Ball, location: 2F 1-1: Foul Ball, location: 2F 1-2: Strikes out swinging
|
Bottom of the 7th over - 0 run(s), 0 hit(s), 0 error(s), 0 left on base; Marquette 6 - Springfield 5 |
TOP OF THE 8TH |
Marquette Miners batting - Pitching for Springfield Shooters : RHP Jim Unknown
|
Batting: RHB Preston Hernández
|
0-0: Ball 1-0: Foul Ball, location: 2F 1-1: Ball 2-1: Ground out 5-3 (Groundball, 15S)
|
Batting: RHB Ron Johnston
|
0-0: Ball 1-0: Swinging Strike 1-1: Ball 2-1: Ball 3-1: SINGLE (Groundball, 56D)
|
Batting: RHB Ken Little
|
0-0: Ball 1-0: Foul Ball, location: 2F 1-1: Fly out, F7 (Line Drive, 7LM)
|
Pinch Hitting: SHB Jim Unknown
|
0-0: Fly out, F7 (Flyball, 7LMF)
|
Top of the 8th over - 0 run(s), 1 hit(s), 0 error(s), 1 left on base; Marquette 6 - Springfield 5 |
BOTTOM OF THE 8TH |
Springfield Shooters batting - Pitching for Marquette Miners : RHP Jorge Carrión
|
Pitching: RHP Sean Evans
|
|
Now at 3B: Bernardo Márquez
|
|
Batting: SHB Eddie Ménard
|
0-0: Fly out, F7 (Flyball, 78S)
|
Batting: SHB Eugene Bentley
|
0-0: Called Strike 0-1: Foul Ball, location: 2F 0-2: Ground out 4-3 (Groundball, 4)
|
Batting: RHB Luis Mendoza
|
0-0: Ball 1-0: Called Strike 1-1: Swinging Strike 1-2: TRIPLE (Line Drive, 8LM)
|
Pinch Hitting: SHB Albert Santos
|
0-0: Called Strike 0-1: Swinging Strike 0-2: Ball 1-2: Ball 2-2: Foul Ball, location: 2F 2-2: Foul Ball, location: 2F 2-2: Ball 3-2: Base on Balls
|
Batting: RHB Frank Crocker
|
0-0: Called Strike 0-1: Fielders Choice at 2nd, 5-4 (Groundball, 56)
|
Bottom of the 8th over - 0 run(s), 1 hit(s), 0 error(s), 1 left on base; Marquette 6 - Springfield 5 |
TOP OF THE 9TH |
Marquette Miners batting - Pitching for Springfield Shooters : RHP Jim Unknown
|
Now at 2B: Albert Santos
|
|
Batting: RHB Isaac Downey
|
0-0: Called Strike 0-1: Ball 1-1: Ball 2-1: Foul Ball, location: 2F 2-2: Foul Ball, location: 2F 2-2: Ground out 4-3 (Groundball, 4)
|
Batting: RHB Jim Unknown
|
0-0: Ground out 4-3 (Groundball, 4)
|
Batting: LHB Aquiles Marmelo
|
0-0: SINGLE (Groundball, 34D)
|
Batting: SHB Ken Osborne
|
0-0: Ball 1-0: SINGLE (Flyball, 8LS) Aquiles Marmelo to second
|
Batting: RHB Ed Adams
|
0-0: Ball 1-0: Ball 2-0: DOUBLE (Line Drive, 78M) Aquiles Marmelo scores Ken Osborne to third Runner from 3rd tries for Home, SAFE, no throw or cutoff
|
Pitching: RHP Jim Unknown
|
|
Batting: RHB Preston Hernández
|
0-0: Fly out, F8 (Flyball, 8RD)
|
Top of the 9th over - 2 run(s), 3 hit(s), 0 error(s), 1 left on base; Marquette 8 - Springfield 5 |
BOTTOM OF THE 9TH |
Springfield Shooters batting - Pitching for Marquette Miners : RHP Sean Evans
|
Pitching: RHP Bob Baker
|
|
Batting: LHB Chris Etheridge
|
0-0: Foul Ball, location: 2F 0-1: Ball 1-1: Foul Ball, location: 2F 1-2: Ball 2-2: Strikes out swinging
|
Batting: RHB Roy Herring
|
0-0: Called Strike 0-1: Ball 1-1: Foul Ball, location: 2F 1-2: Foul Ball, location: 2F 1-2: Strikes out looking
|
Batting: SHB Jared Jefferson
|
0-0: SOLO HOME RUN (Line Drive, 9D), Distance : 379 ft
|
Batting: RHB Tripp Donahue
|
0-0: Swinging Strike 0-1: Ball 1-1: Ball 2-1: Foul Ball, location: 2F 2-2: Ball 3-2: Strikes out swinging
|
Bottom of the 9th over - 1 run(s), 1 hit(s), 0 error(s), 0 left on base; Marquette 8 - Springfield 6 |
|